 Dungeon Crawl Stone Soup version 0.31-a0-848-gaac375c287 (webtiles) character file.

Game seed: 11098968916725257203

1568 rageheart7 the Trooper (level 8, 0/81 HPs)
             Began as a Naga Shapeshifter on Oct 4, 2023.
             Slain by a phantom (4 damage)
             ... on level 6 of the Dungeon.
             The game lasted 00:12:37 (4212 turns).

rageheart7 the Trooper (Naga Shapeshifter)          Turns: 4212, Time: 00:12:38

Health: 0/81       AC:  6    Str: 18    XL:     8   Next: 90%
Magic:  8/8        EV:  9    Int: 11    God:
Gold:   419        SH:  0    Dex: 11    Spells: 7/7 levels left

rFire   + . .        n - +3 Elemental Staff {ele, rElec rF+ rC+ AC+3}
rCold   + . .        (no shield)
rNeg    . . .        a - +0 animal skin
rPois   +            b - melded +0 helmet
rElec   +            (cloak currently unavailable)
rCorr   .            (gloves currently unavailable)
SInv    +            i - melded +0 barding
Will    +....        g - amulet of regeneration
Stlth   +            (no ring)
HPRegen 1.13/turn    (no ring)
MPRegen 0.11/turn

%: no passive effects
@: beast-form, hasted, quick
A: beast (slay +1), AC +2, large, see invisible, deformed body, poison
resistance, slowness 2, spit poison 1, naga tail 1
a: Spit Poison, Begin Untransformation


You were on level 6 of the Dungeon.
You were a hulking beast.
You visited 2 branches of the dungeon, and saw 7 of its levels.
You also visited: Sewer.

You collected 419 gold pieces.

Inventory:

Hand Weapons
 n - the +3 Elemental Staff (weapon) {ele, rElec rF+ rC+ AC+3}
   (You found it in a sewer)

   AC+3:      It affects your AC (+3).
   rF+:       It protects you from fire.
   rC+:       It protects you from cold.
   rElec:     It insulates you from electricity.
Armour
 a - a +0 animal skin (worn)
 b - a +0 helmet (melded)
 i - a +0 barding (melded)
Jewellery
 g - an amulet of regeneration (around neck)
 w - a ring of resist corrosion
Talismans
 c - a beast talisman (active)
 d - a flux talisman
Wands
 f - a wand of paralysis (9)
 o - a wand of flame (15)
Scrolls
 j - a scroll of enchant weapon
 k - a scroll of teleportation {unknown}
 l - a scroll of butterflies {unknown}
 m - a scroll of vulnerability {unknown}
 p - 2 scrolls of enchant armour {unknown}
 q - a scroll of fog
 r - a scroll of identify
 s - a scroll of noise
 t - a scroll of blinking {unknown}
Potions
 e - 3 potions of mutation
 x - a potion of brilliance


   Skills:
 * Level 7.7 Fighting
 * Level 5.5 Staves
 - Level 1.5 Dodging
 - Level 5.9 Unarmed Combat
 - Level 3.0 Shapeshifting


You had 7 spell levels left.
You didn't know any spells.
Your spell library contained the following spells:

 Spells                   Type           Power      Damage    Failure   Level
 Apportation              Tloc           0%         N/A       34%         1
 Necrotise                Necr           0%         1d4       34%         1
 Summon Small Mammal      Summ           0%         N/A       34%         1


Dungeon Overview and Level Annotations

Branches:
Dungeon (6/15)             Temple (1/1) D:4           Sewer (visited)

Altars:
Cheibriados
Dithmenos
Elyvilon
Fedhas
Gozag
Kikubaaqudgha
Makhleb
Nemelex Xobeh
Qazlal
Sif Muna
Uskayaw
Vehumet
Zin
The Shining One

Shops:
D:1 ?   D:3 ?   D:5 **

Annotations:
D:3 1 runed translucent door, Thrassey's ghost, amateur DsGl


Innate Abilities, Weirdness & Mutations

You are a hulking beast.
Your limbs bulge with bestial killing power. (Slay +1)
Your serpentine skin is tough. (AC +2)
You have supernaturally acute eyesight. (SInv)
Armour fits poorly on your strangely shaped body.
Your system is resistant to poisons. (rPois)
You cover ground very slowly.
You can spit poison.
You have a snake-like lower body.


Message History

* * * LOW HITPOINT WARNING * * *
You barely miss Grinder.
Grinder is severely wounded.
The kobold hits you with a +0 dagger.
* * * LOW HITPOINT WARNING * * *
You hit Grinder.
Grinder is severely wounded.
Grinder closely misses you.
You barely miss Grinder.
Grinder is severely wounded.
The kobold shouts!
You sock Grinder!
Grinder is almost dead.
Grinder hits you but does no damage.
You hit Grinder.
Grinder is almost dead.
The phantom hits you but does no damage.
Grinder hits you.
* * * LOW HITPOINT WARNING * * *
You writhe in agony.
* * * LOW HITPOINT WARNING * * *
You hit Grinder.
Grinder is almost dead.
You thump Grinder!
You kill Grinder!
The phantom hits you but does no damage.
Found 5 stones.
Okay, then.
Okay, then.
You miss the phantom. The phantom completely misses you.
You hit the phantom.
The phantom is lightly damaged.
You hit the phantom.
The phantom is lightly damaged.
The phantom hits you.
* * * LOW HITPOINT WARNING * * *
The phantom blinks!
You blink.
Found a scroll labelled DIFINOGGOA.
As you read the scroll labelled BIOBO MISUIJO, it dissolves into smoke.
It was a scroll of fog.
The phantom hits you.
You die...

#.. .# . #.. ..###.#
.. ##..# ..#.. ..(
#..... #...# ....
...... #... .....
......##.K######......
........K.K.K§§.......
......§§KKK#####......
......§hW#............
......§§§.............
....#..####..$........
#?#...............:...
# #....##.......#### #
.............>..## .#
..#...............#...
......#.#............#
......<.........##.#


You could see a kobold brigand, a phantom and 6 kobolds.

Vanquished Creatures
  Grinder (D:6)
  A water moccasin (D:5)
  An ice beast (D:6)
  A black bear (D:4)
  2 phantoms
  3 bullfrogs
  2 scorpions
  2 hounds (D:5)
  4 orc priests
  2 sleepcaps
  3 iguanas
  Natasha (twice) (D:3)
  Robin (D:2)
  7 adders
  A shadow imp (D:5)
  3 white imps (D:5)
  2 ufetubi (D:5)
  2 worms
  2 dart slugs (D:3)
  10 orcs
  8 endoplasms
  13 giant cockroaches
  11 goblins
  7 hobgoblins
  7 jackals
  7 quokkas
  17 ball pythons
  5 bats
  11 frilled lizards
  14 kobolds
  7 rats
159 creatures vanquished.

Notes
Turn   | Place    | Note
-------+----------+-------------------------------------------
     0 | D:1      | rageheart7 the Naga Shapeshifter began the quest for the
                  | Orb.
     0 | D:1      | Reached XP level 1. HP: 18/18 MP: 1/1
    74 | D:1      | Reached XP level 2. HP: 17/25 MP: 2/2
   195 | D:1      | Found Moezorim's Magic Scroll Shop.
   316 | D:1      | Found a faded altar of an unknown god.
   545 | D:2      | Reached skill level 2 in Fighting
   578 | D:2      | Reached XP level 3. HP: 32/32 MP: 3/3
   654 | D:2      | Noticed Robin
   685 | D:2      | Killed Robin
   687 | D:2      | Reached XP level 4. HP: 39/40 MP: 4/4
   791 | D:2      | You fall into a shaft and drop 1 floor!
   828 | D:3      | Found a radiant altar of Vehumet.
  1322 | D:3      | Noticed Thrassey's ghost (amateur DsGl)
  1326 | D:3      | Found a runed translucent door.
  1364 | D:3      | Reached skill level 3 in Fighting
  1380 | D:3      | Reached XP level 5. HP: 32/49 MP: 5/5
  1410 | D:3      | Found Hem Xida's Magic Scroll Emporium.
  1548 | D:3      | Noticed Natasha
  1584 | D:3      | Killed Natasha
  1708 | D:3      | Noticed Natasha
  1724 | D:3      | Killed Natasha
  1725 | D:3      | Reached skill level 4 in Fighting
  1725 | D:3      | Reached skill level 5 in Unarmed Combat
  1756 | D:3      | Found a stormy altar of Qazlal.
  1854 | D:4      | Found a hide-covered altar of Uskayaw.
  1859 | D:4      | Found a burning altar of Makhleb.
  1859 | D:4      | Noticed a cacodemon
  1877 | D:4      | Reached XP level 6. HP: 54/57 MP: 6/6
  1992 | D:4      | Found a glowing drain.
  2010 | Sewer    | Entered a sewer
  2177 | Sewer    | Found the +3 Elemental Staff {ele, rElec rF+ rC+ AC+3}
  2207 | Sewer    | Reached skill level 5 in Fighting
  2207 | Sewer    | Reached XP level 7. HP: 41/67 MP: 7/7
  2402 | D:4      | Found a white marble altar of Elyvilon.
  2421 | D:4      | Found an ancient bone altar of Kikubaaqudgha.
  2611 | D:4      | Reached skill level 1 in Staves
  2948 | D:4      | Found a staircase to the Ecumenical Temple.
  2994 | D:4      | Reached skill level 6 in Fighting
  3239 | Temple   | Entered the Ecumenical Temple
  3290 | D:5      | Entered Level 5 of the Dungeon
  3297 | D:5      | Reached XP level 8. HP: 66/76 MP: 8/8
  3633 | D:5      | Found a snail-covered altar of Cheibriados.
  3724 | D:5      | Found Laut's Luxury Loot.
  3947 | D:5      | Found a shadowy altar of Dithmenos.
  4072 | D:5      | Found Bial's CLEARANCE SALE!.
  4146 | D:6      | Reached skill level 7 in Fighting
  4152 | D:6      | Noticed Grinder
  4178 | D:6      | Reached skill level 5 in Staves
  4184 | D:6      | Paralysed by Grinder for 2 turns
  4188 | D:6      | HP: 4/80 [kobold/+0 dagger (2)]
  4205 | D:6      | HP: 2/80 [Grinder (6)]
  4207 | D:6      | Killed Grinder
  4211 | D:6      | HP: 4/81 [phantom (3)]
  4212 | D:6      | Slain by a phantom

Illustrated notes

Levels and vault maps discovered:
D:1:      nzn_arrival_water_spiral, layout_basic, serial_shops,
          nicolae_shop_pleasant_corner_grove,
          shapermc_ecumenical_altar_mp_urbaneastern
D:2:      layout_rooms, uniq_robin
D:3:      layout_rooms, vehumet_altar_wand_db, marbit_many_paths,
          hellmonk_ghost_happy_afterlife, serial_shops, nicolae_shop_crystal,
          dreamdust_princess_bridge, roderic_three_in_a_row, uniq_natasha
D:4:      layout_basic, makhleb_altar_promises_db,
          nicolae_elyvilon_peaceful_grove, overflow_temple_1_default,
          nicolae_kikubaaqudgha_miasma_corner, minmay_temple_entry_proselytizer,
          cheibrodos_sewer_entry_sluice, amcnicky_mini_pool_small, st_stairs_14,
          hangedman_decor_peaks_small, corexii_leaking_fountain, minmay_vboxes
D:5:      layout_loops_cross, mainiacjoe_overflow_alcove_2,
          nicolae_overflow_hidden_temple, nicolae_alphabet_shops,
          nicolae_shop_clearance
D:6:      layout_rooms, serial_shops, nicolae_shop_hallway_plus,
          nicolae_shop_industrial_runoff, uniq_sigmund, uniq_grinder
Temple:   hellmonk_temple_micro_hex

Skill      XL: |  1  2  3  4  5  6  7  8 |
---------------+-------------------------+-----
Fighting       | 2 3 4 5 6 7 |  7.7
Unarmed Combat | 4 5 |  5.9
Staves         | 3 5 |  5.5
Dodging        | |  1.5
Shapeshifting  | |  3.0

Action                     |  1- 3 |  4- 6 |  7- 9 || total
---------------------------+-------+-------+-------++-------
  Melee: Unarmed           |   115 |    36 |       ||   151
         Dagger            |       |   229 |     2 ||   231
         Punch             |       |     4 |    12 ||    16
         Staff             |       |       |   222 ||   222
Ability: Spit Poison       |       |     3 |       ||     3
  Evoke: Wand              |       |     1 |       ||     1
    Use: Scroll            |     1 |     8 |     5 ||    14
         Potion            |     1 |       |     7 ||     8
   Stab: Sleeping          |     1 |       |     1 ||     2
 Armour: Animal skin       |    94 |   264 |   220 ||   578
         Skin              |    34 |       |       ||    34
  Dodge: Dodged            |    46 |   153 |   106 ||   305
         Form:             |     1 |     1 |       ||     2
         Beast             |     1 |     1 |       ||     2

Table legend: (Time is in decaauts)
 A = Elapsed time spent in this place.
 B = Non-inter-level travel time spent in this place.
 C = Inter-level travel time spent in this place.
 D = Time resting spent in this place.
 E = Time spent auto-exploring this place.
 F = Levels seen in this place.
 G = Mean time per level.
                   A        B        C        D        E       F      G
               +--------+--------+--------+--------+--------+-----+--------+
         Total |   5467 |   5159 |    308 |      0 |   3670 |   8 |  683.4 |
       Dungeon |   4984 |   4682 |    302 |      0 |   3503 |   6 |  830.7 |
        Temple |     15 |     10 |      5 |      0 |      0 |   1 |   15.0 |
         Sewer |    466 |    466 |      0 |      0 |    167 |   1 |  466.0 |
               +--------+--------+--------+--------+--------+-----+--------+

Top non-repeatable levels by time:
     D:4: 1407 daAuts
     D:5: 1077 daAuts
     D:3: 1006 daAuts
     D:2: 742 daAuts
     D:1: 667 daAuts
   Sewer: 466 daAuts
     D:6: 83 daAuts
  Temple: 15 daAuts
